 Dungeon Crawl Stone Soup version 0.25-b1-41-g19641232cd (webtiles) character file.

Game seed: 16129992791579577435

2768 Antender the Fighter (level 9, -1/63 HPs)
             Began as a Gargoyle Fighter on June 8, 2020.
             Was an Initiate of Ru.
             Slain by a hornet (7 damage)
             ... on level 8 of the Dungeon.
             The game lasted 00:16:45 (7639 turns).

Antender the Fighter (Gargoyle Fighter)             Turns: 7639, Time: 00:16:45

Health: -1/63      AC: 22    Str: 29    XL:     9   Next: 69%
Magic:  9/9        EV:  6    Int:  9    God:    Ru [......]
Gold:   386        SH: 12    Dex:  9    Spells: 8/8 levels left

rFire    . . .     SeeInvis .   a - +0 flail
rCold    . . .     Gourm    .   c - +0 kite shield
rNeg     + . .     Faith    .   C - +0 plate armour
rPois    ∞         Spirit   .   q - +0 helmet
rElec    +         Reflect  .   y - +0 cloak
rCorr    .         Harm     .   h - +0 pair of gloves
MR       .....                  u - +0 pair of boots
Stlth    ..........             (no amulet)
HPRegen  0.20/turn              v - +6 ring of strength
MPRegen  0.11/turn              (no ring)

@: no status effects
A: negative energy resistance 1, electricity resistance, unbreathing,
petrification resistance, rot immunity, AC +6
a: Renounce Religion


You were on level 8 of the Dungeon.
You worshipped Ru.
Ru was noncommittal.
You were not hungry.

You visited 2 branches of the dungeon, and saw 9 of its levels.

You collected 386 gold pieces.

Inventory:

Hand Weapons
 a - a +0 flail (weapon)
Armour
 b - a +0 scale mail
 c - a +0 kite shield (worn)
 h - a +0 pair of gloves (worn)
 q - a +0 helmet (worn)
 u - a +0 pair of boots (worn)
 y - a +0 cloak (worn)
 C - a +0 plate armour (worn)
Jewellery
 v - a +6 ring of strength (left hand)
Wands
 m - a wand of clouds (1)
Scrolls
 e - 4 scrolls of immolation {unknown}
 g - a scroll of remove curse {unknown}
 i - a scroll of enchant weapon {unknown}
 l - 2 scrolls of fear {unknown}
 n - a scroll of magic mapping {unknown}
 p - 8 scrolls of identify {unknown}
 s - 2 scrolls of fog {unknown}
 t - 4 scrolls of teleportation {unknown}
 w - a scroll of enchant armour {unknown}
 B - a scroll of blinking {unknown}
Potions
 d - 3 potions of might
 j - a potion of degeneration {unknown}
 k - 3 potions of flight {unknown}
 o - 3 potions of lignification {unknown}
 r - 3 potions of stabbing {unknown}
 x - a potion of berserk rage {unknown}
 z - 5 potions of curing {unknown}
 A - 3 potions of heal wounds {unknown}
Comestibles
 f - 9 rations


   Skills:
 + Level 10.5 Fighting
 - Level 2.0 Maces & Flails
 - Level 3.2 Armour
 + Level 10.5 Shields


You had 8 spell levels left.
You didn't know any spells.
Your spell library contained the following spells:

 Spells                   Type           Power        Failure   Level  Hunger
 Confusing Touch          Hex            #.......     100%        3    ####...
 Gell's Gravitas          Tloc           #.........   100%        3    ####...
 Petrify                  Tmut/Erth      #.......     100%        4    #####..
 Metabolic Englaciation   Hex/Ice        #.........   100%        5    ######.
 Yara's Violent Unravell  Hex/Tmut       #.........   100%        5    ######.


Dungeon Overview and Level Annotations

Branches:
Dungeon (8/15)             Temple (1/1) D:7
   Lair: D:8-11

Altars:
Ashenzari
Dithmenos
Elyvilon
Gozag
Kikubaaqudgha
Nemelex Xobeh
Okawaru
Ru
Sif Muna
Trog
Uskayaw
Vehumet
Wu Jian
Xom
Yredelemnul
Zin
The Shining One
Jiyva

Shops:
D:4 *   D:7 :   D:8 (


Innate Abilities, Weirdness & Mutations

You are resistant to torment.
Your stone body is resilient. (AC +6)
You are immune to poison.
You resist negative energy. (rN+)
You are resistant to electric shocks. (rElec)
You can survive without breathing.
You are immune to petrification.
You are immune to rotting.


Message History

* * * LOW HITPOINT WARNING * * *
Your shield and plate armour prevent you from hitting the hornet.
The hornet is moderately wounded.
You block the hornet's attack.
Your shield and plate armour prevent you from hitting the hornet.
The hornet is moderately wounded.
The hornet stings you but does no damage.
You block the hornet's attack. The hornet stings you!
* * * LOW HITPOINT WARNING * * *
You sock the hornet!
The hornet is heavily wounded.
The hornet stings you but does no damage.
You block the hornet's attack.
Aiming: Cloud Cone
Press: ? - help, Dir - move target cursor, f - hornet
Aim: a hornet (heavily wounded)
You create a blast of noxious fumes!
The hornet is engulfed in noxious fumes.
The hornet appears confused.
The hornet stings you!
You die...

#######
##.....##
#....#..#
#.###.### #.#
#.## #.##.#@#
#.#.#y##
###########.##§#
............#§#
######.######
#...........#
...###...#####
##.....## ###
#.......###.###


You could see a hornet (confused).

Vanquished Creatures
  Joseph (D:7)
  A hornet (D:8)
  Prince Ribbit (D:7)
  Menkaure (D:6)
  A black bear (D:7)
  A sky beast (D:6)
  An ice beast (D:5)
  A centaur (D:7)
  A phantom (D:5)
  4 bullfrogs
  A water moccasin zombie (D:7)
  4 scorpions
  A water moccasin skeleton (D:6)
  A howler monkey (D:4)
  A bullfrog zombie (D:7)
  2 hounds
  A jelly (D:5)
  Crazy Yiuf (D:3)
  A centaur skeleton (D:5)
  2 orc priests
  3 orc wizards
  Terence (D:3)
  An iguana (D:7)
  Natasha (D:2)
  12 worker ants
  A hound skeleton (D:7)
  A howler monkey skeleton (D:8)
  10 adders
  A shadow imp (D:6)
  An ooze (D:3)
  An adder skeleton (D:4)
  An adder zombie (D:6)
  2 worms
  2 dart slugs
  6 leopard geckos
  10 orcs
  4 giant cockroaches
  9 hobgoblins
  17 jackals
  12 kobolds
  6 quokkas
  A ball python (D:1)
  5 bats
  3 frilled lizards
  4 goblins
  A quokka skeleton (D:6)
  5 rats
149 creatures vanquished.

Notes
Turn   | Place    | Note
-------+----------+-------------------------------------------
     0 | D:1      | Antender the Gargoyle Fighter began the quest for the Orb.
     0 | D:1      | Reached XP level 1. HP: 14/14 MP: 1/1
   101 | D:1      | Reached XP level 2. HP: 16/19 MP: 2/2
   538 | D:2      | Found a shadowy altar of Dithmenos.
   593 | D:2      | Found a hide-covered altar of Uskayaw.
   594 | D:2      | Noticed a +0 hand axe
   594 | D:2      | Noticed a +0 hand axe
   684 | D:2      | Found a glowing silver altar of Zin.
   684 | D:2      | Found an opulent altar of Gozag.
   734 | D:2      | Reached XP level 3. HP: 24/24 MP: 3/3
   962 | D:2      | Reached XP level 4. HP: 30/30 MP: 4/4
   963 | D:2      | Noticed Natasha
   966 | D:2      | Killed Natasha
  1305 | D:2      | Found a basalt altar of Yredelemnul.
  1419 | D:2      | Found a glowing golden altar of the Shining One.
  1421 | D:2      | Noticed an angel
  1502 | D:3      | Reached XP level 5. HP: 34/34 MP: 5/5
  1649 | D:3      | Found a bloodstained altar of Trog.
  1666 | D:3      | Reached skill level 5 in Fighting
  1778 | D:3      | Found an ornate altar of the Wu Jian Council.
  1801 | D:3      | Reached skill level 5 in Shields
  2249 | D:3      | Noticed Terence
  2268 | D:3      | Killed Terence
  2290 | D:3      | Reached XP level 6. HP: 30/40 MP: 6/6
  2717 | D:3      | Found a runed translucent door.
  2718 | D:3      | Noticed Crazy Yiuf
  2727 | D:3      | Killed Crazy Yiuf
  3343 | D:4      | Reached XP level 7. HP: 31/47 MP: 7/7
  3748 | D:4      | Found Mufi's Serpentskin Sales.
  3917 | D:5      | Entered Level 5 of the Dungeon
  4851 | D:5      | Reached XP level 8. HP: 53/53 MP: 8/8
  5430 | D:6      | Found a white marble altar of Elyvilon.
  5430 | D:6      | Found a sparkling altar of Nemelex Xobeh.
  5480 | D:6      | Noticed Menkaure
  5494 | D:6      | Killed Menkaure
  5953 | D:7      | Found Yrekh's Book Emporium.
  6221 | D:7      | Noticed Prince Ribbit
  6443 | D:7      | Reached XP level 9. HP: 60/60 MP: 9/9
  6740 | D:7      | Killed Prince Ribbit
  6796 | D:7      | Noticed Joseph
  6820 | D:7      | Killed Joseph
  6820 | D:7      | Reached skill level 10 in Fighting
  6820 | D:7      | Reached skill level 10 in Shields
  6940 | D:7      | Found a staircase to the Ecumenical Temple.
  6946 | Temple   | Entered the Ecumenical Temple
  7052 | Temple   | Became a worshipper of Ru the Awakened
  7483 | D:8      | Found Zyzer's Antique Weapon Boutique.
  7597 | D:8      | Noticed a hornet
  7600 | D:8      | Noticed a hornet
  7615 | D:8      | Killed a hornet
  7639 | D:8      | Slain by a hornet

Illustrated notes

Levels and vault maps discovered:
D:1:      lightli_arrival_chessboard, layout_rooms
D:2:      layout_loops_cross, grunt_temple_overflow_holy_war,
          grunt_temple_overflow_gold_and_silver,
          grunt_dithmenos_smoke_and_mirrors, dancing_weapons_uskayaw,
          chequers_serial_rivers_micro_c, palyth_stone_intersect, uniq_natasha
D:3:      minmay_razor_zed, layout_basic, bloody_trog, old_standard_altar,
          first_ration, uniq_terence, uniq_crazy_yiuf_cottage
D:4:      layout_cave_pools, guppyfry_shop_venom
D:5:      minmay_inner_zag, layout_basic
D:6:      layout_rooms, gammafunk_temple_overflow_elements, dk_vineyard_3,
          uniq_menkaure
D:7:      layout_loops_ring, minmay_temple_entry_fiery, serial_shops, shop,
          kennysheep_pointless_box, uniq_prince_ribbit1, uniq_joseph
D:8:      layout_loops_ring, grunt_temple_overflow_forces_of_nature,
          serial_shops, kennysheep_little_box, shop_statue,
          nicolae_shop_window_shopping, nicolae_shop_waterfront,
          hangedman_pestilent_swarm, minmay_misc_feat_diagonals
Temple:   pf_slime_end_temple

Skill      XL: |  1  2  3  4  5  6  7  8  9 |
---------------+----------------------------+-----
Fighting       | 4 5 6 7 9 10 | 10.5
Shields        | 4 5 6 7 9 10 | 10.5
Maces & Flails | |  2.0
Armour         | |  3.2

Action                   |  1- 3 |  4- 6 |  7- 9 || total
-------------------------+-------+-------+-------++-------
Melee: Flail             |   115 |   354 |   422 ||   891
Evoke: Wand              |       |       |     1 ||     1
  Eat: Chunk             |       |     9 |    11 ||    20
       Ration            |       |       |     1 ||     1
Armor: Scale mail        |    64 |   269 |    14 ||   347
       Plate armour      |       |       |   256 ||   256
Dodge: Dodged            |    45 |   137 |    88 ||   270
Block: Kite shield       |    63 |   273 |   267 ||   603
